 Dungeon Crawl Stone Soup version 0.21-a0-625-g1119ec1 (webtiles) character file.

112 shenanigans the Skirmisher (level 4, 0/37 HPs)
             Began as a Barachi Skald on Dec 25, 2017.
             Slain by a gnoll
             ... wielding a +0 flail
              (9 damage)
             ... on level 3 of the Dungeon.
             The game lasted 00:05:21 (3378 turns).

shenanigans the Skirmisher (Barachi Skald)          Turns: 3378, Time: 00:05:21

Health: 0/37       AC:  9    Str: 13    XL:     4   Next: 93%
Magic:  7/7        EV:  6    Int: 14    God:
Gold:   100        SH:  0    Dex: 11    Spells: 6/7 levels left

rFire    . . .     SeeInvis .   a - +0 hand axe
rCold    . . .     Gourm    .   (no shield)
rNeg     . . .     Faith    .   m - +0 chain mail
rPois    .         Spirit   .   (no helmet)
rElec    .         Reflect  .   (no cloak)
rCorr    .         Harm     .   (no gloves)
MR       .....                  (no boots)
Stlth    ..........             (no amulet)
HPRegen  0.12/turn              (no ring)
MPRegen  0.10/turn              (no ring)

@: slow
A: +LOS, swims, slowness 1, strong legs 1
a: Hop


You were on level 3 of the Dungeon.
You were hungry.

You visited 1 branch of the dungeon, and saw 3 of its levels.

You collected 100 gold pieces.

Inventory:

Hand Weapons
 a - a +0 hand axe (weapon)
Armour
 b - a +0 leather armour
 j - a +0 scale mail
 m - a +0 chain mail (worn)
Scrolls
 f - 3 scrolls of teleportation {unknown}
 g - a scroll of identify {unknown}
 i - a scroll of blinking {unknown}
 k - 2 scrolls of enchant armour {unknown}
 o - a scroll of remove curse {unknown}
 p - a scroll of fog {unknown}
Potions
 h - a potion of cancellation
Books
 c - a book of Battle

   Spells                             Type                      Level
   a - Infusion                       Charms                       1
   b - Shroud of Golubria             Charms/Translocation         2
   c - Song of Slaying                Charms                       2
   d - Spectral Weapon                Hexes/Charms                 3
   e - Regeneration                   Charms/Necromancy            3
Comestibles
 d - 5 rations


   Skills:
 + Level 4.0 Fighting
 + Level 3.5 Axes
 + Level 3.2 Armour
 - Level 2.1 Dodging
 - Level 2.1 Spellcasting
 - Level 3.2 Charms


You had 6 spell levels left.
You knew the following spells:

 Your Spells              Type           Power        Failure   Level  Hunger
a - Infusion              Chrm           ##..         87%         1    #......


Dungeon Overview and Level Annotations

Branches:
Dungeon (3/15)

Altars:
Qazlal
Vehumet
The Shining One

Annotations:
D:3 Snicker's ghost, weakling SpEn


Innate Abilities, Weirdness & Mutations

Shadows flee at your approach. (+LOS)
You can swim through water.
You cover ground slowly.
You can hop short distances.


Message History

Your chain mail prevents you from hitting the gnoll.
The gnoll is lightly wounded.
The gnoll hits you with a flail.
You hit the gnoll but do no damage.
The gnoll is lightly wounded.
The gnoll hits you with a flail.
You closely miss the gnoll.
The gnoll is lightly wounded.
The gnoll hits you with a flail.
You hit the gnoll.
The gnoll is lightly wounded.
The gnoll hits you with a flail.
You hit the gnoll.
The gnoll is heavily wounded.
The gnoll hits you with a flail!
* * * LOW HITPOINT WARNING * * *
Your chain mail prevents you from hitting the gnoll.
The gnoll is heavily wounded.
The gnoll hits you with a flail!
You die...

# ### ####### #. #.. .......
#.. #.# ....... #...
#.###########.......
###...###.#.................
...........(............##.
###.......#g#()###.#..##)##.
.....##..#@#.(###.#........
#.(..##.†#.#<.(.########.).
#......#.###### #. .
#....#...(.....'# # #..#
#..).####### .. #......#
............# #####.###....#
#.. ......


You could see a gnoll.

Vanquished Creatures
  Jessica (D:2)
  A gnoll (D:3)
  2 adders (D:2)
  2 worms (D:2)
  A dart slug (D:2)
  A leopard gecko (D:1)
  6 bats
  3 giant cockroaches (D:2)
  2 goblins
  4 hobgoblins
  7 jackals
  2 ball pythons (D:1)
  A frilled lizard (D:3)
  9 kobolds
  6 rats
48 creatures vanquished.

Notes
Turn   | Place    | Note
-------+----------+-------------------------------------------
     0 | D:1      | shenanigans the Barachi Skald began the quest for the Orb.
     0 | D:1      | Reached XP level 1. HP: 17/17 MP: 3/3
   487 | D:1      | Reached XP level 2. HP: 17/23 MP: 5/5
   840 | D:1      | Reached skill level 3 in Fighting
  1394 | D:2      | Reached XP level 3. HP: 18/29 MP: 6/6
  1823 | D:2      | Found a glowing golden altar of the Shining One.
  1895 | D:2      | Noticed Jessica
  1936 | D:2      | Killed Jessica
  1936 | D:2      | Reached XP level 4. HP: 16/36 MP: 7/7
  2097 | D:2      | Found a stormy altar of Qazlal.
  2242 | D:2      | Found a radiant altar of Vehumet.
  2535 | D:3      | Noticed Snicker's ghost (weakling SpEn)
  2565 | D:2      | HP: 1/37 [poisoned by an adder]
  3086 | D:3      | Reached skill level 4 in Fighting
  3378 | D:3      | Slain by a gnoll

Vault maps used:
D:1:      lemuel_arrival_muddy, fountainhead, chequers_big_river
D:2:      nicolae_overflow_crystal_walls, lemuel_coloured_pillars_altar,
          tso_oasis_becter, uniq_jessica
D:3:      grunt_temple_overflow_champion_of_chaos, lemuel_crystal_altar,
          yredelemnul_altar_generic, first_ration, kennysheep_generic_room_15

Skill      XL: |  1  2  3  4 |
---------------+-------------+-----
Fighting       | 3 4 |  4.0
Armour         | 2 3 |  3.2
Axes           | 3 |  3.5
Dodging        | |  2.1
Spellcasting   | |  2.1
Charms         | |  3.2

Action                   |  1- 3 |  4- 6 || total
-------------------------+-------+-------++-------
Melee: Hand axe          |   147 |    78 ||   225
 Abil: Hop               |       |     1 ||     1
  Use: Potion            |       |     5 ||     5
 Stab: Invisible         |       |     2 ||     2
  Eat: Chunk             |     3 |     5 ||     8
Armor: Leather armour    |    41 |       ||    41
       Chain mail        |    21 |    76 ||    97
       Scale mail        |     2 |       ||     2
Dodge: Dodged            |    89 |    30 ||   119

Table legend:
 A = Spawn XP
 B = Non-spawn XP
 C = Spawn XP percentage of total XP
 D = Spawn monster count
 E = Non-spawn monster count
 F = Spawn count percentage of total count
 G = Total turns spent on level
                    A         B        C        D         E        F      G
               +---------+---------+-------+---------+---------+-------+---------
         Total |       0 |     160 |   0.0 |       0 |      48 |   0.0 |  3378
               +---------+---------+-------+---------+---------+-------+---------
           D:1 |       0 |      30 |   0.0 |       0 |      18 |   0.0 |  1357
           D:2 |       0 |     108 |   0.0 |       0 |      23 |   0.0 |  1534
           D:3 |       0 |      22 |   0.0 |       0 |       7 |   0.0 |   487
               +---------+---------+-------+---------+---------+-------+---------
